 Dungeon Crawl Stone Soup version 0.26-a0-660-gc07710193c (webtiles) character file.

Game seed: 2332618272471065385

3229 jiml777 the Magician (level 9, -2/71 HPs)
             Began as a Gnoll Warper on Oct 6, 2020.
             Was an Initiate of Gozag.
             Slain by a killer bee (3 damage)
             ... on level 7 of the Dungeon on Oct 7, 2020.
             The game lasted 00:38:09 (9795 turns).

jiml777 the Magician (Gnoll Warper)                 Turns: 9795, Time: 00:38:09

Health: -2/71      AC: 16    Str: 10 (13) XL:     9   Next: 98%
Magic:  19/19      EV:  4    Int: 18 (19) God:    Gozag
Gold:   80         SH:  8    Dex: 12 (15) Spells: 12/22 levels left

rFire    + . .     SeeInvis .   u - +0 flail (protect)
rCold    . . .     Faith    .   k - +0 kite shield
rNeg     . . .     Spirit   .   v - +2 chain mail "Esesmoaj" {rElec rF+}
rPois    +         Reflect  .   (no helmet)
rElec    +         Harm     .   n - +2 cloak
rCorr    .         Rampage  .   i - +0 pair of gloves
MR       .....                  (no boots)
Stlth    ..........             (no amulet)
HPRegen  0.21/turn              x - ring of poison resistance
MPRegen  0.16/turn              (no ring)

@: lethally poisoned (-2 -> -4)
A: distributed training, fangs 1, strong nose
a: Potion Petition, Call Merchant, Bribe Branch, Renounce Religion


You were on level 7 of the Dungeon.
You worshipped Gozag.
Gozag was noncommittal.
You visited 2 branches of the dungeon, and saw 9 of its levels.

You collected 1314 gold pieces.
You spent 490 gold pieces at shops.
You paid 744 gold pieces to Gozag.

Inventory:

Hand Weapons
 a - a +0 spear
 u - a +0 flail of protection (weapon)
Missiles
 e - 5 boomerangs of dispersal (quivered)
 f - 201 arrows
 h - 10 poisoned darts
 y - 47 sling bullets
 I - 39 bolts
Armour
 b - a +0 leather armour
 i - a +0 pair of gloves (worn)
 k - a +0 kite shield (worn)
 n - a +2 cloak (worn)
 v - the +2 chain mail "Esesmoaj" (worn) {rElec rF+}
   (You took it off an orc on level 5 of the Dungeon)

   It protects you from fire.
   It insulates you from electricity.
Jewellery
 x - a ring of poison resistance (left hand)
Wands
 B - a wand of flame (13)
 F - a wand of enslavement (10)
Scrolls
 d - a scroll of blinking
 g - 3 scrolls of amnesia
 j - a scroll of enchant weapon {unknown}
 l - 2 scrolls of teleportation
 m - 4 scrolls of remove curse
 q - a scroll of magic mapping {unknown}
 r - a scroll of identify
 C - a scroll of summoning {unknown}
 D - a scroll of fear {unknown}
 G - a scroll of fog {unknown}
 J - a scroll of immolation {unknown}
Potions
 c - 2 potions of magic
 o - a potion of haste
 p - 2 potions of mutation
 z - 2 potions of flight
 A - a potion of lignification
 E - a potion of resistance


   Skills:
 + Level 6.7 Fighting
 + Level 4.7 Short Blades
 + Level 4.7 Long Blades
 + Level 4.7 Axes
 + Level 4.7 Maces & Flails
 + Level 6.7 Polearms
 + Level 4.7 Staves
 + Level 4.7 Slings
 + Level 4.7 Bows
 + Level 4.7 Crossbows
 + Level 5.4 Throwing
 + Level 5.4 Armour
 + Level 6.7 Dodging
 + Level 4.7 Stealth
 + Level 4.7 Shields
 + Level 4.7 Unarmed Combat
 + Level 7.0 Spellcasting
 + Level 3.9 Conjurations
 + Level 3.9 Hexes
 + Level 3.9 Summonings
 + Level 3.9 Necromancy
 + Level 6.8 Translocations
 + Level 3.9 Transmutations
 + Level 3.9 Fire Magic
 + Level 3.9 Ice Magic
 + Level 3.9 Air Magic
 + Level 3.9 Earth Magic
 + Level 3.9 Poison Magic
 + Level 5.2 Invocations
 + Level 4.7 Evocations


You had 12 spell levels left.
You knew the following spells:

 Your Spells              Type           Power        Failure   Level
a - Blink                 Tloc           N/A          88%         2
b - Teleport Other        Tloc           ####....     98%         3
c - Stone Arrow           Conj/Erth      ###...       100%        3
d - Passwall              Tmut/Erth      ###.....     99%         2

Your spell library contained the following spells:

 Spells                   Type           Power        Failure   Level
 Gell's Gravitas          Tloc           ####......   98%         3
 Lesser Beckoning         Tloc           ####......   98%         3
 Beastly Appendage        Tmut           ###...       99%         1
 Sandblast                Erth           ###...       99%         1
 Wereblood                Tmut           ###.....     99%         2
 Spider Form              Tmut/Pois      ###.......   100%        3
 Ice Form                 Ice/Tmut       ###.....     100%        4
 Passage of Golubria      Tloc           N/A          100%        4
 Petrify                  Tmut/Erth      ###.....     100%        4
 Blade Hands              Tmut           ###.......   100%        5
 Lee's Rapid Deconstruct  Erth           ###.......   100%        5


Dungeon Overview and Level Annotations

Branches:
Dungeon (8/15)             Temple (1/1) D:4
   Lair: D:8-11

Altars:
Gozag
Hepliaklqana
Kikubaaqudgha
Makhleb
Okawaru
Qazlal
Sif Muna
Trog
Uskayaw
Vehumet
Zin

Shops:
Temple :


Innate Abilities, Weirdness & Mutations

Your experience applies equally to all skills.
You have very sharp teeth.
Your uncanny sense of smell can sniff out nearby items.


Message History

Your +2 cloak unmelds from your body.
Your +0 pair of gloves unmelds from your body.
The +2 chain mail "Esesmoaj" {rElec rF+} unmelds from your body.
You feel a little less clever now.
Your resistance to elements expires.
The killer bee stings you but does no damage.
The killer bee stings you.
* * * LOW HITPOINT WARNING * * *
The killer bee stings you but does no damage.
The killer bee stings you.
* * * LOW HITPOINT WARNING * * *
You barely miss the killer bee. The killer bee stings you.
* * * LOW HITPOINT WARNING * * *
The killer bee stings you.
* * * LOW HITPOINT WARNING * * *
The killer bee stings you.
* * * LOW HITPOINT WARNING * * *
You are lethally poisoned!
The killer bee poisons you! The killer bee stings you.
You die...
Your body crumbles into a pile of gold.

##.#.##..........###.#####..[.#.#
#.....##.(.#..........##........#
#.................#...###........
...##.........<...#...###.....###
....#..............#.###.....##..
...................#.#...........
......##....>........)...........
##..###..............)...........
#....##........y@##..##..........
................y#..##..#........
............#....##..##.#...>...#
.........####.........#.......##.
.....#....###...#.##.............
...###.##..###..###.....##...#...
.####.......##...#...........#...
.###.........#...##.....##....##.
..#......#........#.....#........


You could see 2 killer bees.

Vanquished Creatures
  A steam dragon (D:8)
  4 black bears
  2 ice beasts
  3 phantoms
  A sky beast (D:7)
  An orc warrior (D:6)
  3 ogres (D:6)
  5 centaurs
  A gnoll sergeant (D:5)
  2 bullfrogs
  2 scorpions
  3 killer bees (D:8)
  A wight (D:8)
  3 howler monkeys
  A centaur zombie (D:7)
  2 hounds
  A jelly (D:6)
  An orc priest (D:6)
  A bullfrog skeleton (D:4)
  A gnoll shaman (D:5)
  2 orc wizards
  An iguana (D:7)
  9 worker ants
  A killer bee zombie (D:7)
  A hound zombie (D:5)
  A hound skeleton (D:5)
  A worker ant zombie (D:6)
  10 gnolls (D:5)
  A howler monkey skeleton (D:4)
  8 adders
  A shadow imp (D:6)
  An ufetubus (D:6)
  An ooze (D:4)
  3 worms
  An adder skeleton (D:7)
  A dart slug (D:1)
  A leopard gecko (D:1)
  15 orcs
  3 ball pythons
  6 bats
  8 giant cockroaches
  7 goblins
  4 hobgoblins
  9 jackals
  4 quokkas
  8 frilled lizards
  A jackal skeleton (D:4)
  6 kobolds
  7 rats
161 creatures vanquished.

Vanquished Creatures (others)
  A white imp (D:7)
1 creature vanquished.

Grand Total: 162 creatures vanquished

Notes
Turn   | Place    | Note
-------+----------+-------------------------------------------
     0 | D:1      | jiml777 the Gnoll Warper began the quest for the Orb.
     0 | D:1      | Reached XP level 1. HP: 20/20 MP: 6/6
   155 | D:1      | Reached XP level 2. HP: 15/26 MP: 7/7
   596 | D:1      | Reached XP level 3. HP: 30/31 MP: 9/9
  1154 | D:2      | Reached skill level 5 in Spellcasting
  1358 | D:2      | Found an opulent altar of Gozag.
  1373 | D:2      | Became a worshipper of Gozag Ym Sagoz the Greedy
  1410 | D:2      | Reached skill level 1 in Invocations
  1993 | D:3      | Reached skill level 1 in Short Blades
  1993 | D:3      | Reached skill level 1 in Long Blades
  1993 | D:3      | Reached skill level 1 in Axes
  1993 | D:3      | Reached skill level 1 in Maces & Flails
  1993 | D:3      | Reached skill level 1 in Staves
  1993 | D:3      | Reached skill level 1 in Slings
  1993 | D:3      | Reached skill level 1 in Bows
  1993 | D:3      | Reached skill level 1 in Crossbows
  1993 | D:3      | Reached skill level 1 in Stealth
  1993 | D:3      | Reached skill level 1 in Shields
  1993 | D:3      | Reached skill level 1 in Unarmed Combat
  1993 | D:3      | Reached skill level 1 in Evocations
  2071 | D:3      | Reached XP level 4. HP: 15/38 MP: 11/11
  2387 | D:3      | Found a stormy altar of Qazlal.
  2643 | D:3      | Found an iron altar of Okawaru.
  2935 | D:3      | Reached skill level 1 in Conjurations
  2935 | D:3      | Reached skill level 1 in Hexes
  2935 | D:3      | Reached skill level 1 in Summonings
  2935 | D:3      | Reached skill level 1 in Necromancy
  2935 | D:3      | Reached skill level 1 in Transmutations
  2935 | D:3      | Reached skill level 1 in Fire Magic
  2935 | D:3      | Reached skill level 1 in Ice Magic
  2935 | D:3      | Reached skill level 1 in Air Magic
  2935 | D:3      | Reached skill level 1 in Earth Magic
  2935 | D:3      | Reached skill level 1 in Poison Magic
  3526 | D:4      | Reached XP level 5. HP: 41/43 MP: 12/12
  3561 | D:4      | Found a staircase to the Ecumenical Temple.
  3578 | Temple   | Entered the Ecumenical Temple
  4244 | D:4      | Reached XP level 6. HP: 45/50 MP: 13/13
  4283 | D:4      | Reached skill level 5 in Fighting
  4283 | D:4      | Reached skill level 5 in Polearms
  4283 | D:4      | Reached skill level 5 in Dodging
  4361 | D:4      | Noticed a phantom
  4610 | D:4      | Killed a phantom
  4752 | D:4      | Found a hazy altar of Hepliaklqana.
  4754 | D:4      | Found an opulent altar of Gozag.
  4967 | D:4      | Found an ancient bone altar of Kikubaaqudgha.
  4967 | D:4      | Found a shimmering blue altar of Sif Muna.
  5026 | D:5      | Entered Level 5 of the Dungeon
  5060 | D:5      | Reached XP level 7. HP: 29/56 MP: 15/15
  5386 | D:5      | Identified the +2 chain mail "Esesmoaj" {rElec rF+}
  6077 | D:5      | Reached XP level 8. HP: 32/63 MP: 16/16
  6485 | D:6      | Reached skill level 6 in Spellcasting
  6668 | D:6      | Found a hide-covered altar of Uskayaw.
  7526 | D:7      | Reached XP level 9. HP: 28/69 MP: 18/18
  7549 | D:7      | Found a bloodstained altar of Trog.
  7946 | D:6      | HP: 3/69 [poisoned by a worker ant]
  8391 | D:7      | Reached skill level 5 in Throwing
  8391 | D:7      | Reached skill level 5 in Armour
  8683 | D:7      | Found a bloodstained altar of Trog.
  8960 | D:7      | Reached skill level 5 in Invocations
  9119 | Temple   | Bought a book of Geomancy for 490 gold pieces
  9137 | Temple   | Learned a level 2 spell: Blink
  9141 | Temple   | Learned a level 3 spell: Teleport Other
  9145 | Temple   | Learned a level 3 spell: Stone Arrow
  9148 | Temple   | Learned a level 2 spell: Passwall
  9767 | D:8      | Reached skill level 7 in Spellcasting
  9795 | D:7      | HP: 2/71 [killer bee (5)]
  9795 | D:7      | Slain by a killer bee

Illustrated notes

Levels and vault maps discovered:
D:1:      psy_arrival_spokes, layout_basic
D:2:      layout_loops_ring, grunt_gozag_breadcrumbs
D:3:      layout_loops_cross, kennysheep_okawaru_gauntlet,
          nicolae_qazlal_eye_of_the_storm
D:4:      layout_loops_cross, nicolae_overflow_hidden_temple,
          minmay_temple_entry_statues_fountains,
          minmay_fractal_squares_diagonal_5
D:5:      layout_cave_pools, hangedman_abyss_or_decor_lesser_grid
D:6:      layout_loops_ring, basic_altar
D:7:      layout_cave_pools, basic_altar, trog_ov_bears_minmay
D:8:      layout_gridville
Temple:   regret_index_temple_sphere_string

Skill      XL: |  1  2  3  4  5  6  7  8  9 |
---------------+----------------------------+-----
Spellcasting   | 5 6 7 |  7.0
Invocations    | 1 2 3 4 5 |  5.2
Short Blades   | 1 2 3 4 |  4.7
Long Blades    | 1 2 3 4 |  4.7
Axes           | 1 2 3 4 |  4.7
Maces & Flails | 1 2 3 4 |  4.7
Staves         | 1 2 3 4 |  4.7
Slings         | 1 2 3 4 |  4.7
Bows           | 1 2 3 4 |  4.7
Crossbows      | 1 2 3 4 |  4.7
Stealth        | 1 2 3 4 |  4.7
Shields        | 1 2 3 4 |  4.7
Unarmed Combat | 1 2 3 4 |  4.7
Evocations     | 1 2 3 4 |  4.7
Conjurations   | 1 2 3 |  3.9
Hexes          | 1 2 3 |  3.9
Summonings     | 1 2 3 |  3.9
Necromancy     | 1 2 3 |  3.9
Transmutations | 1 2 3 |  3.9
Fire Magic     | 1 2 3 |  3.9
Ice Magic      | 1 2 3 |  3.9
Air Magic      | 1 2 3 |  3.9
Earth Magic    | 1 2 3 |  3.9
Poison Magic   | 1 2 3 |  3.9
Throwing       | 3 4 5 |  5.4
Armour         | 3 4 5 |  5.4
Fighting       | 5 6 |  6.7
Polearms       | 5 6 |  6.7
Dodging        | 5 6 |  6.7
Translocations | 6 |  6.8

Action                   |  1- 3 |  4- 6 |  7- 9 || total
-------------------------+-------+-------+-------++-------
Melee: Spear             |   130 |       |       ||   130
       Bite              |    13 |    24 |    90 ||   127
       Flail             |    35 |   236 |   686 ||   957
Invok: Call Merchant     |       |       |     1 ||     1
Evoke: Wand              |       |     3 |     3 ||     6
  Use: Scroll            |       |     7 |     4 ||    11
       Potion            |       |     1 |     7 ||     8
 Stab: Sleeping          |       |     1 |       ||     1
       Distracted        |       |       |     3 ||     3
Armor: Leather armour    |     9 |       |       ||     9
       Scale mail        |    51 |     6 |       ||    57
       Ring mail         |       |    22 |       ||    22
       Chain mail        |       |   120 |   776 ||   896
       Skin              |       |       |    14 ||    14
Dodge: Dodged            |    78 |    94 |   251 ||   423
Block: Kite shield       |    47 |   136 |   494 ||   677

Table legend: (Time is in decaauts)
 A = Elapsed time spent in this place.
 B = Non-inter-level travel time spent in this place.
 C = Inter-level travel time spent in this place.
 D = Time resting spent in this place.
 E = Time spent auto-exploring this place.
 F = Levels seen in this place.
 G = Mean time per level.
                   A        B        C        D        E       F      G
               +--------+--------+--------+--------+--------+-----+--------+
         Total |  10129 |   9824 |    305 |   3047 |   3276 |   9 | 1125.4 |
       Dungeon |  10062 |   9759 |    303 |   3047 |   3275 |   8 | 1257.8 |
        Temple |     67 |     66 |      1 |      0 |      1 |   1 |   67.0 |
               +--------+--------+--------+--------+--------+-----+--------+

Top non-repeatable levels by time:
     D:6: 1969 daAuts
     D:4: 1728 daAuts
     D:3: 1725 daAuts
     D:5: 1260 daAuts
     D:7: 1097 daAuts
     D:1: 1062 daAuts
     D:2: 887 daAuts
     D:8: 332 daAuts
  Temple: 67 daAuts
